 Dungeon Crawl Stone Soup version 0.26.0-20-g3ca415f5b8 (webtiles) character file.

Game seed: 9423832898289101590

323 thiole the Sneak (level 6, 0/39 HPs)
             Began as an Octopode Hedge Wizard on Jan 25, 2021.
             Slain by a ball python (1 damage)
             ... in a sewer.
             The game lasted 00:14:30 (5040 turns).

thiole the Sneak (Octopode Hedge Wizard)            Turns: 5040, Time: 00:14:31

Health: 0/39       AC:  1    Str:  9    XL:     6   Next: 47%
Magic:  9/12       EV: 11    Int: 24    God:
Gold:   289        SH:  0    Dex: 12    Spells: 5/13 levels left

rFire    . . .     SeeInvis .   a - +0 dagger
rCold    . . .     Faith    .   (no shield)
rNeg     . . .     Spirit   .   b - +0 hat
rPois    .         Reflect  .   q - amulet of magic regeneration
rElec    .         Harm     .   s - +6 ring of intelligence
rCorr    .         Rampage  .   (no ring)
Will     .....                  (no ring)
Stlth    ++++......             (no ring)
HPRegen  0.13/turn              (no ring)
MPRegen  0.38/turn              (no ring)
                                (no ring)
                                (no ring)

@: mighty, lethally poisoned (0 -> -4), hasted, constricted, very quick
A: almost no armour, stealthy swim, amphibious, 8 rings, constrict 8, camouflage
1, gelatinous body 1
a: no special abilities


You were in a sewer.
You visited 1 branch of the dungeon, and saw 4 of its levels.
You also visited: Sewer.

You collected 289 gold pieces.

Inventory:

Hand Weapons
 a - a +0 dagger (weapon)
 d - a +2 dagger of venom
Missiles
 l - 4 poisoned darts (quivered)
 v - 30 stones
Armour
 b - a +0 hat (worn)
Jewellery
 q - an amulet of magic regeneration (around mantle)
 s - a +6 ring of intelligence (left tentacle)
Scrolls
 c - a scroll of remove curse {unknown}
 e - 5 scrolls of identify
 f - a scroll of enchant armour {unknown}
 h - 2 scrolls of fear {unknown}
 j - 2 scrolls of blinking {unknown}
 r - 3 scrolls of teleportation {unknown}
 u - 3 scrolls of magic mapping {unknown}
Potions
 g - 2 potions of cancellation {unknown}
 i - a potion of mutation {unknown}
 k - a potion of curing
 m - a potion of flight {unknown}
 n - a potion of heal wounds {unknown}
 o - a potion of ambrosia {unknown}
 p - a potion of berserk rage {unknown}
 t - a potion of degeneration {unknown}
 w - 2 potions of might


   Skills:
 + Level 2.2 Fighting
 + Level 3.3 Dodging
 - Level 5.0 Stealth
 - Level 4.0 Spellcasting
 - Level 2.0 Conjurations
 - Level 2.0 Summonings
 - Level 1.0 Translocations
 + Level 0.4 Air Magic
 * Level 1.1 Poison Magic


You had 5 spell levels left.
You knew the following spells:

 Your Spells              Type           Power        Failure   Level
a - Magic Dart            Conj           56%          4%          1
b - Call Imp              Summ           14%          6%          2
c - Blink                 Tloc           N/A          10%         2
d - Mephitic Cloud        Conj/Pois/Air  10%          19%         3

Your spell library contained the following spells:

 Spells                   Type           Power        Failure   Level
 Slow                     Hex            4%           14%         2
 Conjure Flame            Conj/Fire      9%           19%         3
 Gell's Gravitas          Tloc           4%           19%         3
 Confusing Touch          Hex            4%           28%         3
 Petrify                  Tmut/Erth      4%           67%         4
 Metabolic Englaciation   Hex/Ice        2%           95%         5
 Yara's Violent Unravell  Hex/Tmut       2%           95%         5


Dungeon Overview and Level Annotations

Branches:
Dungeon (4/15)              Sewer (1/1)
 Temple: D:4-7

Altars:
Elyvilon
Ru
Wu Jian
Xom


Innate Abilities, Weirdness & Mutations

You cannot wear most types of armour.
You are very stealthy in the water. (Stealth+)
You are amphibious.
You can wear up to eight rings at the same time.
You can use your tentacles to constrict eight enemies at once.
Your skin changes colour to match your surroundings (Stealth+).
Your rubbery body absorbs attacks. (AC +1, EV +1)


Message History

The bullfrog hits you!
* * * LOW HITPOINT WARNING * * *
Something bites your crimson imp.
Something closely misses your crimson imp.
The adder bites you but does no damage.
Your crimson imp hits the ooze.
The ball python closely misses you. The ball python misses you.
You feel very mighty all of a sudden. The adder closely misses you.
The ooze splashes around in the water.
The bullfrog hits you!
* * * LOW HITPOINT WARNING * * *
The bullfrog barely misses you.
Something closely misses your crimson imp.
Something grabs your crimson imp.
Your crimson imp is constricted.
It was a potion of curing.
You feel better. The adder bites you.
* * * LOW HITPOINT WARNING * * *
You are lethally poisoned!
The adder poisons you! The bullfrog hits you.
* * * LOW HITPOINT WARNING * * *
The ball python closely misses you. The ball python grabs you.
You die...

#....'..# #....#..#
##..†####
#....###################
#......≈≈≈≈≈≈≈≈≈≈≈≈≈≈≈..
##.....≈≈≈≈≈≈≈≈≈≈≈≈≈≈≈..
#.....≈≈≈≈≈≈≈SS≈†≈J≈#..
#.....≈≈≈≈≈≈#SF#≈5≈≈≈..
##....≈≈≈≈≈≈S@F5≈≈≈≈≈..
###.#≈≈≈≈≈≈≈≈S≈≈≈≈≈≈..
####################


You could see 2 bullfrogs, an ooze, 2 adders, 3 ball pythons and 2 friendly
crimson imps.

Vanquished Creatures
  A bullfrog (D:4)
  9 adders
  2 river rats (Sewer)
  4 oozes (Sewer)
  3 worms
  4 dart slugs
  A leopard gecko (D:2)
  7 orcs
  7 ball pythons
  10 bats
  6 giant cockroaches
  9 goblins
  9 hobgoblins
  2 jackals (D:3)
  13 kobolds
  2 quokkas
  3 frilled lizards
  29 rats
121 creatures vanquished.

Vanquished Creatures (collateral kills)
  A ball python (Sewer)
1 creature vanquished.

Grand Total: 122 creatures vanquished

Notes
Turn   | Place    | Note
-------+----------+-------------------------------------------
     0 | D:1      | thiole the Octopode Hedge Wizard began the quest for the
                  | Orb.
     0 | D:1      | Reached XP level 1. HP: 11/11 MP: 4/4
   234 | D:1      | Reached XP level 2. HP: 17/17 MP: 4/6
   299 | D:1      | Reached skill level 3 in Stealth
   968 | D:1      | Reached XP level 3. HP: 21/21 MP: 7/7
  1770 | D:2      | Found a sacrificial altar of Ru.
  1820 | D:2      | Reached XP level 4. HP: 18/27 MP: 7/9
  2008 | D:2      | Reached skill level 4 in Stealth
  2238 | D:2      | Found an ornate altar of the Wu Jian Council.
  3170 | D:3      | Reached XP level 5. HP: 25/32 MP: 8/10
  3364 | D:3      | Found a shimmering altar of Xom.
  3385 | D:3      | Reached skill level 1 in Fighting
  3590 | D:3      | Found a white marble altar of Elyvilon.
  4113 | D:4      | Reached skill level 5 in Stealth
  4113 | D:4      | Reached XP level 6. HP: 19/39 MP: 10/12
  4289 | D:4      | Found a glowing drain.
  4293 | Sewer    | Entered a sewer
  4565 | Sewer    | Learned a level 2 spell: Call Imp
  4568 | Sewer    | Learned a level 2 spell: Blink
  4572 | Sewer    | Learned a level 3 spell: Mephitic Cloud
  4936 | Sewer    | Reached skill level 1 in Poison Magic
  5039 | Sewer    | HP: 1/39 [bullfrog (8)]
  5040 | Sewer    | Slain by a ball python

Illustrated notes

Levels and vault maps discovered:
D:1:      dpeg_arrival_shelter, layout_rooms
D:2:      layout_rooms, nzn_wu_jian_council_hall, nicolae_ru_awakened_eye
D:3:      layout_rooms, lemuel_doored_altar, xom_teletrap_fun
D:4:      layout_loops_ring, gup_sewer_entry_bowl, uniq_menkaure
Sewer:    sewer_minmay_w

Skill      XL: |  1  2  3  4  5  6 |
---------------+-------------------+-----
Stealth        | 3 4 5 |  5.0
Conjurations   | 2 |  2.0
Summonings     | 2 |  2.0
Fighting       | 1 2 |  2.2
Dodging        | 3 |  3.3
Spellcasting   | 4 |  4.0
Poison Magic   | 1 |  1.1
Translocations | |  1.0
Air Magic      | |  0.4

Action                   |  1- 3 |  4- 6 || total
-------------------------+-------+-------++-------
Melee: Dagger            |    57 |    49 ||   106
       Constrict         |    17 |    11 ||    28
       Tentacles         |     6 |     6 ||    12
Throw: Dart              |    87 |    45 ||   132
 Cast: Magic Dart        |    49 |   197 ||   246
       Call Imp          |       |     3 ||     3
  Use: Scroll            |       |     1 ||     1
       Potion            |       |     3 ||     3
Armor: Skin              |    14 |     7 ||    21
Dodge: Dodged            |    67 |    84 ||   151
